Map: Dreamcatcher LE

Players

MzCori - Winner!

  • Race: Zerg Zerg
  • League: Gold
  • Spawn Location: 11:00

Michael

  • Race: Protoss Protoss
  • League: Platinum
  • Spawn Location: 5:00

VOD

Have the link to the VOD?

Description

Time

  • Played on: Oct. 13, 2018, 1:29 a.m.
  • Length: 6:36
Show
View Real Time Build Order
Export as new Build Order

MzCori Zerg - Winner!

Build Orders: Pool First 

Get SALT Encoding   

  12  0:01  Drone  
  13  0:08  Drone  
  14  0:26  Spawning Pool  
  13  0:30  Drone  
  14  0:40  Overlord  
  14  0:55  Extractor  
  13  0:59  Drone  
  14  1:13  Zergling x6  
  14  1:16  Queen  
  19  1:28  Drone  
  20  1:44  Drone  
  21  1:56  Hatchery  
  20  2:15  Drone x2  
  20  2:28  Zergling x4  
  21  2:35  Lair  
  21  2:42  Extractor, Spine Crawler  
  19  2:53  Drone x2  
  21  3:05  Overlord  
  21  3:11  Drone x2  
  23  3:20  Drone  
  23  3:21  Queen  
  26  3:37  Drone  
  27  3:42  Spire  
  27  3:43  Overseer  
  27  3:46  Drone  
  27  3:54  Drone x2  
  29  4:12  Drone x3  
  29  4:16  Drone x3  
  35  4:21  Overlord  
  35  4:44  Extractor  
  34  4:51  Drone x3  
  37  4:53  Overlord, Mutalisk  
  37  4:54  Mutalisk x2  
  37  4:58  Overlord  
  43  5:22  Mutalisk x3  
  43  5:23  Mutalisk  
  51  5:30  Drone x2  
  53  5:36  Mutalisk  
  53  5:42  Extractor  
  54  5:43  Drone x4  
  54  5:46  Overlord  
  58  5:50  Overseer  
  58  5:59  Drone  
  59  6:06  Drone x4  
  59  6:07  Drone  
  64  6:16  Overlord x2  
Show
View Real Time Build Order
Export as new Build Order

Michael Protoss 

Build Orders:  

Get SALT Encoding   

  1  0:00  Probe  
  12  0:05  Probe  
  14  0:19  Pylon  
  14  0:24  Probe  
  15  0:38  Probe  
  15  0:41  Gateway  
  16  0:52  Probe  
  17  1:00  Probe  
  17  1:06  Pylon  
  17  1:08  Probe  
  18  1:15  Assimilator  
  18  1:18  Pylon  
  19  1:32  Probe  
  20  1:35  Zealot  
  20  1:39  Pylon  
  22  1:44  Probe  
  23  1:49  Pylon  
  23  1:56  Probe  
  23  2:00  Forge  
  23  2:02  Zealot  
  21  2:29  Zealot  
  22  2:41  Gateway  
  22  2:46  Photon Cannon  
  22  2:51  Probe  
  22  2:52  Photon Cannon  
  22  2:56  Zealot  
  25  2:59  Probe  
  26  3:09  Probe  
  27  3:14  Pylon  
  27  3:23  Cybernetics Core  
  27  3:48  Warp Gate  
  27  3:54  Nexus  
  27  4:02  Gateway  
  25  4:16  Pylon  
  25  4:31  Assimilator  
  25  4:39  Assimilator  
  25  4:42  Probe, Assimilator  
  25  4:50  Twilight Council  
  25  4:51  Probe  
  26  4:55  Stalker  
  29  5:00  Zealot  
  29  5:01  Probe  
  32  5:07  Probe  
  32  5:13  Probe  
  34  5:25  Probe  
  35  5:29  Probe  
  36  5:37  Probe x2  
  38  5:47  Probe  
  40  5:50  Probe  
  40  5:59  Probe  
  40  6:02  Probe  
  40  6:03  Pylon  
  42  6:08  Zealot, Stalker  
  42  6:10  Zealot  
  42  6:11  Probe  
  49  6:14  Probe  
  50  6:23  Probe, Stargate  
Tags
 
Add a new tag
Caveats
  • Supply blocks, unpowered buildings, or Contaminate may cause inaccurate times.
  • Supply counts are checked every 10 seconds.